 Dungeon Crawl Stone Soup version 0.19.4-9-g45fd643 (webtiles) character file.

7252 vatarom the Destroyer (level 10, 0/81 HPs)
             Began as a Green Draconian Ice Elementalist on Feb 19, 2017.
             Was a Believer of Vehumet.
             Slain by an eight-headed hydra (4 damage)
             ... on level 11 of the Dungeon.
             The game lasted 00:30:34 (15493 turns).

vatarom the Destroyer (DrIE)                       Turns: 15493, Time: 00:30:35

Health: 0/81       AC: 11    Str:  9    XL:     10   Next: 88%
Magic:  4/18       EV: 12    Int: 22    God:    Vehumet [**....]
Gold:   254        SH:  0    Dex: 16    Spells: 7 memorised, 0 levels left

rFire  . . .     SeeInvis .     C - +9 short sword "Efuyr" {flame, rElec Dex+4 Stlth+}
rCold  . . .     Gourm    .     (armour unavailable)
rNeg   . . .     Faith    +     (no shield)
rPois  +         Spirit   .     (helmet restricted)
rElec  +         Reflect  .     q - +2 cloak of the Sun {rPois rCorr Str-2 Int+4}
rCorr  +         Harm     .     t - +0 pair of gloves
MR     .....     Rnd*Rage +     (no boots)
Stlth  ++........               m - amulet of faith
                                p - ring of wizardry
                                s - ring of loudness (curse)

@: short of breath
A: breathe noxious fumes, unfitting armour, berserk 1, mutation resistance 1,
poison resistance, robust 1, screaming 1, cold-blooded, AC +7
a: Breathe Noxious Fumes, Renounce Religion


You were on level 11 of the Dungeon.
You worshipped Vehumet.
Vehumet was pleased with you.
You were not hungry.

You visited 2 branches of the dungeon, and saw 12 of its levels.

You collected 422 gold pieces.
You spent 168 gold pieces at shops.

Inventory:

Hand Weapons
 C - the +9 short sword "Efuyr" (weapon) {flame, rElec Dex+4 Stlth+}
   (You bought it in a shop on level 9 of the Dungeon)

   It has been specially enchanted to burn those struck by it, causing extra
   injury to most foes and up to half again as much damage against particularly
   susceptible opponents.
   It affects your dexterity (+4).
   It insulates you from electricity.
   It makes you more stealthy.
Armour
 i - a +0 cloak
 j - a +0 pair of gloves
 q - the +2 cloak of the Sun (worn) {rPois rCorr Str-2 Int+4}
   (You found it on level 5 of the Dungeon)

   It affects your strength (-2).
   It affects your intelligence (+4).
   It protects you from poison.
   It protects you from acid and corrosion.
 t - a +0 pair of gloves (worn)
Jewellery
 h - an uncursed ring of ice
 m - an amulet of faith (around neck)
 p - a ring of wizardry (right hand)
 s - a cursed ring of loudness (left hand)
Wands
 z - a wand of slowing (16/48)
 A - a wand of digging (4/24)
 D - a wand of flame (21/48)
Scrolls
 f - 3 scrolls of amnesia
 k - 5 scrolls of identify
 l - 2 scrolls of fog
 y - 3 scrolls of recharging
 B - 2 scrolls of enchant armour {unknown}
 E - 2 scrolls of fear
 F - a scroll of teleportation
Potions
 d - 4 potions of flight
 r - 2 potions of brilliance
 u - a potion of lignification
 v - a potion of might
 w - a potion of curing
 x - a potion of invisibility
Books
 a - a book of Frost

   Spells                             Type                      Level
   a - Freeze                         Ice                          1
   b - Throw Frost                    Conjuration/Ice              2
   c - Ozocubu's Armour               Charms/Ice                   3
   d - Throw Icicle                   Conjuration/Ice              4
   e - Summon Ice Beast               Ice/Summoning                4
 e - a book of Debilitation

   Spells                             Type                      Level
   a - Corona                         Hexes                        1
   b - Slow                           Hexes                        2
   c - Gell's Gravitas                Hexes/Translocation          3
   d - Inner Flame                    Hexes/Fire                   3
   e - Cause Fear                     Hexes                        4
   f - Leda's Liquefaction            Hexes/Earth                  4
Comestibles
 b - a bread ration
 c - 2 meat rations
 g - 6 fruits
 n - 10 royal jellies
 o - 2 slices of pizza


   Skills:
 - Level 2.5 Fighting
 - Level 1.7 Dodging
 - Level 1.7 Stealth
 - Level 5.5 Spellcasting
 - Level 10.4 Conjurations
 - Level 6.9 Charms
 + Level 9.4 Ice Magic


You couldn't memorise any spells.
You knew the following spells:

 Your Spells              Type           Power        Failure   Level  Hunger
a - Freeze                Ice            ####         1%          1    None
b - Throw Frost           Conj/Ice       #####.       1%          2    None
c - Ozocubu's Armour      Chrm/Ice       #####...     1%          3    ##.....
d - Throw Icicle          Conj/Ice       #####...     1%          4    ####...
e - Summon Ice Beast      Ice/Summ       ####....     6%          4    ####...
f - Gell's Gravitas       Hex/Tloc       #.........   14%         3    ##.....
g - Dazzling Spray        Conj/Hex       ####..       1%          3    ##.....


Dungeon Overview and Level Annotations

Branches:
Dungeon (11/15)            Temple (1/1) D:7             Orc (0/2) D:10
   Lair: D:8-11

Altars:
Ashenzari
Cheibriados
Dithmenos
Elyvilon
Fedhas
Gozag
Hepliaklqana
Kikubaaqudgha
Makhleb
Nemelex Xobeh
Okawaru
Qazlal
Ru
Sif Muna
Trog
Uskayaw
Vehumet
Yredelemnul
Zin
The Shining One

Shops:
D:9 (

Annotations:
D:3 Robin; vatarom's ghost, amateur DEFE
D:9 Maurice
D:11 3 runed doors


Innate Abilities, Weirdness & Mutations

You can breathe blasts of noxious fumes.
Your lurid green scales are hard. (AC +7)
You cannot fit into any form of body armour.
Your system is resistant to poisons. (rPois)
You are cold-blooded and may be slowed by cold attacks.
You tend to lose your temper in combat.
You are somewhat resistant to further mutation.
You are robust. (+10% HP)
You occasionally shout uncontrollably at your foes.


Message History

* * * LOW HITPOINT WARNING * * *
The eight-headed hydra bites you but does no damage.
Press: ? - help, Shift-Dir - straight line, f/p - eight-headed hydra
Aim: an eight-headed hydra (lightly wounded)
You exhale a blast of noxious fumes.
The blast of choking fumes hits the eight-headed hydra.
The eight-headed hydra completely resists.
The eight-headed hydra is lightly wounded.
The blast of choking fumes hits the quasit.
The quasit completely resists.
You feel somewhat more hungry. The eight-headed hydra bites you.
* * * LOW HITPOINT WARNING * * *
The eight-headed hydra bites you!
* * * LOW HITPOINT WARNING * * *
The eight-headed hydra barely misses you.
The eight-headed hydra bites you but does no damage.
The eight-headed hydra bites you!
* * * LOW HITPOINT WARNING * * *
The eight-headed hydra bites you.
You die...

####.. #.# ..... #.#
...# #.# ...# #.###
...# #.#<# ...# #...#
...# ###.#
...################.##
♣...........§§5D@[...#
.P..##################
...........
....####### #####


You could see an eight-headed hydra and a quasit.

Vanquished Creatures
  Sonja (D:10)
  A hill giant (D:11)
  A two-headed ogre (D:10)
  2 hippogriffs
  A human (D:10)
  2 wyverns
  Grum (D:10)
  2 soldier ants (D:9)
  2 orc warriors (D:10)
  A black bear (D:10)
  2 ice beasts
  2 hornet zombies
  An eye of draining (D:10)
  4 sky beasts
  A phantom (D:10)
  3 ogres
  A wolf (D:10)
  4 centaurs
  A bullfrog (D:6)
  A scorpion (D:10)
  4 killer bees (D:8)
  5 wights (D:10)
  3 howler monkeys
  6 crimson imps
  A bullfrog zombie (D:8)
  4 hounds
  A gnoll shaman (D:8)
  3 jellies
  2 orc priests (D:7)
  11 orc wizards
  3 iguanas
  A centaur skeleton (D:10)
  5 worker ants
  A hound zombie (D:5)
  A hound skeleton (D:10)
  A worker ant zombie (D:8)
  A howler monkey skeleton (D:8)
  12 gnolls
  11 adders
  A shadow imp (D:10)
  3 oozes
  An adder skeleton (D:9)
  2 adder zombies (D:6)
  A worm (D:9)
  2 dart slugs (D:1)
  3 leopard geckos
  35 orcs
  A ball python (D:1)
  8 giant cockroaches
  22 goblins
  2 hobgoblins
  6 jackals
  6 quokkas
  A ball python skeleton (D:4)
  3 bats
  6 frilled lizards
  2 jackal zombies
  9 kobolds
  A leopard gecko skeleton (D:4)
  8 rats
  A plant (D:1)
234 creatures vanquished.

Vanquished Creatures (collateral kills)
  Snorg (D:10)
  An orc warrior (D:10)
  An ice beast (D:10)
  A necrophage (D:10)
  A wolf (D:10)
  A centaur (D:8)
  2 crimson imps (D:10)
  A hound (D:10)
  A quasit (D:9)
  2 orc priests (D:10)
  An orc wizard (D:9)
  6 orcs
  A goblin (D:10)
20 creatures vanquished.

Vanquished Creatures (others)
  An orc wizard (D:7)
  3 jackals (D:7)
4 creatures vanquished.

Grand Total: 258 creatures vanquished

Notes
Turn   | Place    | Note
-------+----------+-------------------------------------------
     0 | D:1      | vatarom the Draconian Ice Elementalist began the quest for the Orb.
     0 | D:1      | Reached XP level 1. HP: 14/14 MP: 3/3
    20 | D:1      | Reached skill level 1 in Fighting
   242 | D:1      | Reached XP level 2. HP: 23/24 MP: 3/5
   408 | D:1      | Learned a level 2 spell: Throw Frost
   631 | D:1      | Reached XP level 3. HP: 30/30 MP: 4/6
   672 | D:1      | Found a shattered altar of Ashenzari.
  1208 | D:2      | Learned a level 3 spell: Ozocubu's Armour
  1424 | D:2      | Reached skill level 2 in Conjurations
  1834 | D:2      | Reached XP level 4. HP: 36/37 MP: 7/7
  2391 | D:3      | Noticed Robin
  2402 | D:3      | Noticed vatarom's ghost (amateur DEFE)
  3107 | D:3      | Found a faded altar of an unknown god.
  3172 | D:3      | Found a sacrificial altar of Ru.
  3372 | D:2      | Reached XP level 5. HP: 30/42 MP: 8/8
  3750 | D:4      | Reached skill level 3 in Conjurations
  3932 | D:4      | Gained mutation: Your body sometimes deteriorates upon taking damage. [potion of mutation]
  3932 | D:4      | Gained mutation: You are robust. (+10% HP) [potion of mutation]
  3932 | D:4      | Gained mutation: You occasionally shout uncontrollably at your foes. [potion of mutation]
  4428 | D:4      | Gained mutation: You tend to lose your temper in combat. [potion of mutation]
  4428 | D:4      | Gained mutation: You are dopey. (Int -2) [potion of mutation]
  4641 | D:4      | Reached XP level 6. HP: 14/55 MP: 0/9
  4715 | D:4      | Reached skill level 5 in Ice Magic
  5020 | D:4      | Reached skill level 4 in Conjurations
  5520 | D:5      | Entered Level 5 of the Dungeon
  5536 | D:5      | Lost mutation: You are dopey. (Int -2) [potion of mutation]
  5564 | D:5      | Your scales start taking on a lurid green colour.
  5564 | D:5      | Reached XP level 7. HP: 47/61 MP: 2/10
  5564 | D:5      | Gained mutation: Your system is resistant to poisons. (rPois) [Green Draconian growth]
  5660 | D:5      | Got an ancient cloak
  5671 | D:5      | Identified the +2 cloak of the Sun {rPois rCorr Str-2 Int+4} (You found it on level 5 of the Dungeon)
  5821 | D:5      | Learned a level 4 spell: Throw Icicle
  7338 | D:6      | Reached skill level 5 in Spellcasting
  7589 | D:6      | Reached XP level 8. HP: 68/68 MP: 8/15
  7793 | D:6      | Learned a level 4 spell: Summon Ice Beast
  7813 | D:6      | Found a burning altar of Makhleb.
  7900 | D:6      | Reached skill level 5 in Conjurations
  8028 | D:6      | Reached skill level 6 in Conjurations
  8750 | D:7      | Reached skill level 7 in Conjurations
  9131 | D:7      | Gained mutation: You are somewhat resistant to further mutation. [potion of beneficial mutation]
  9373 | D:7      | Lost mutation: Your body sometimes deteriorates upon taking damage. [potion of mutation]
  9374 | D:7      | Gained mutation: Your spells are a little harder to cast, but a little more powerful. [potion of mutation]
  9674 | D:7      | Found a staircase to the Ecumenical Temple.
  9683 | Temple   | Entered the Ecumenical Temple
  9763 | Temple   | Became a worshipper of Vehumet
  9941 | D:7      | Reached skill level 8 in Conjurations
 10188 | D:8      | Found a burning altar of Makhleb.
 10308 | D:8      | Reached XP level 9. HP: 73/74 MP: 4/17
 10437 | D:8      | Reached skill level 9 in Conjurations
 10936 | D:8      | Reached * piety under Vehumet
 10936 | D:8      | Offered knowledge of Magic Dart by Vehumet.
 11187 | D:8      | Reached skill level 10 in Conjurations
 11803 | D:9      | Found Ytwuph's Antique Weapon Shoppe.
 11855 | D:9      | Bought a crude short sword for 168 gold pieces
 11855 | D:9      | Identified the +9 short sword "Efuyr" {flame, rElec Dex+4 Stlth+} (You bought it in a shop on level 9 of the Dungeon)
 12054 | D:9      | Noticed Maurice
 12277 | D:9      | Reached skill level 1 in Charms
 12673 | D:10     | Entered Level 10 of the Dungeon
 12719 | D:10     | Noticed Snorg
 12822 | D:10     | Offered knowledge of Sandblast by Vehumet.
 12845 | D:10     | Reached ** piety under Vehumet
 13007 | D:10     | Learned a level 3 spell: Gell's Gravitas
 13082 | D:10     | Noticed Sonja
 13088 | D:10     | Killed Sonja
 13088 | D:10     | Reached XP level 10. HP: 81/81 MP: 1/18
 13335 | D:10     | Killed Snorg
 13335 | D:10     | Reached skill level 5 in Charms
 13497 | D:10     | Lost mutation: Your spells are a little harder to cast, but a little more powerful. [potion of mutation]
 13625 | D:10     | Noticed Grum
 13632 | D:10     | Killed Grum
 13900 | D:11     | Found a huge runed gate.
 13900 | D:11     | Found a huge runed gate.
 13900 | D:11     | Found a huge runed gate.
 13900 | D:11     | Noticed a brown ugly thing
 14306 | D:10     | Offered knowledge of Dazzling Spray by Vehumet.
 14369 | D:10     | Learned a level 3 spell: Dazzling Spray
 14782 | D:10     | Reached *** piety under Vehumet
 15123 | D:10     | Found a staircase to the Orcish Mines.
 15452 | D:11     | Noticed an eight-headed hydra
 15455 | D:11     | Noticed a hill giant
 15489 | D:11     | Killed a hill giant
 15493 | D:11     | HP: 4/81 [eight-headed hydra (13)]
 15493 | D:11     | Slain by an eight-headed hydra

Skill      XL: |  1  2  3  4  5  6  7  8  9 10 |
---------------+-------------------------------+-----
Fighting       | 1 2 |  2.5
Conjurations   | 2 3 4 8 10 | 10.4
Ice Magic      | 4 5 6 9 |  9.4
Spellcasting   | 5 |  5.5
Charms         | 4 6 |  6.9
Dodging        | |  1.7
Stealth        | |  1.7

Action                   |  1- 3 |  4- 6 |  7- 9 | 10-12 || total
-------------------------+-------+-------+-------+-------++-------
Melee: Unarmed           |     3 |       |       |       ||     3
       Dagger            |   244 |    97 |       |       ||   341
       Tailslap          |    35 |     8 |    32 |     6 ||    81
       Falchion          |       |       |   233 |       ||   233
       Short sword       |       |       |    40 |    88 ||   128
 Cast: Freeze            |    38 |    86 |    68 |     2 ||   194
       Throw Frost       |       |     9 |     9 |     1 ||    19
       Ozocubu's Armour  |       |     3 |     7 |       ||    10
       Throw Icicle      |       |       |    59 |    26 ||    85
       Summon Ice Beast  |       |       |     9 |    15 ||    24
       Gell's Gravitas   |       |       |     1 |     1 ||     2
       Dazzling Spray    |       |       |       |     3 ||     3
 Abil: Breathe Noxious F |       |       |     9 |     8 ||    17
  Use: Scroll            |     5 |     5 |    11 |     1 ||    22
       Potion            |     1 |     5 |     7 |     5 ||    18
 Stab: Sleeping          |     1 |     2 |     1 |       ||     4
       Invisible         |       |     2 |       |     1 ||     3
       Distracted        |       |       |       |     1 ||     1
       Confused          |       |       |       |     1 ||     1
  Eat: Chunk             |     2 |     1 |     4 |       ||     7
       Beef jerky        |     1 |       |       |       ||     1
       Bread ration      |       |     4 |     5 |     1 ||    10
       Meat ration       |       |       |     1 |     3 ||     4
       Pizza             |       |       |       |     1 ||     1
Armor: Skin              |    44 |    79 |   220 |    70 ||   413
Dodge: Dodged            |   119 |   148 |   299 |    79 ||   645
       Rpst.: Falchion   |       |     1 |    75 |       ||    76
